 Dungeon Crawl Stone Soup version 0.31-a0-532-g28f74ba3e5 (webtiles) character file.

Game seed: 6112535206943319076

13401 arthad the Geomancer (level 12, -1/89 HPs)
             Began as a Formicid Earth Elementalist on Aug 13, 2023.
             Was a Priest of Vehumet.
             Slain by a manticore (16 damage)
             ... on level 11 of the Dungeon.
             The game lasted 00:32:02 (13050 turns).

arthad the Geomancer (Formicid Earth Elementalist) Turns: 13050, Time: 00:32:03

Health: -1/89      AC:  8    Str: 13    XL:     12   Next: 32%
Magic:  13/25      EV: 14    Int: 26    God:    Vehumet [***...]
Gold:   762        SH:  0    Dex: 14    Spells: 15/29 levels left

rFire   + . .        p - +2 short sword (freeze)
rCold   . . .        (no shield)
rNeg    . . .        A - +3 leather armour {rF+}
rPois   +            (helmet unavailable)
rElec   .            a - scarf {shadows}
rCorr   .            t - +0 pair of gloves
SInv    +            P - +0 pair of boots
Will    +....        (no amulet)
Stlth   ++++         m - ring of poison resistance
HPRegen 0.34/turn    y - +6 ring of intelligence
MPRegen 0.19/turn

%: no passive effects
@: no status effects
A: permanent stasis, dig shafts and tunnels, antennae 3, four strong arms
a: Dig, Shaft Self, Renounce Religion


You were on level 11 of the Dungeon.
You worshipped Vehumet.
Vehumet was most pleased with you.
You visited 2 branches of the dungeon, and saw 13 of its levels.

You collected 762 gold pieces.

Inventory:

Hand Weapons
 p - a +2 short sword of freezing (weapon)
 w - a +0 sling of electrocution
 B - a +2 short sword of holy wrath
 F - a +3 quarterstaff of chaos
 H - a +4 long sword of freezing
 Q - a +2 heavy war axe
Missiles
 E - 40 poisoned darts
 T - 7 curare-tipped darts
Armour
 a - a scarf of shadows (worn)
 c - a +2 robe of positive energy
 h - a +0 buckler
 t - a +0 pair of gloves (worn)
 A - a +3 leather armour of fire resistance (worn)
 D - a +0 cloak
 K - +0 steam dragon scales
 L - a +2 ring mail of cold resistance
 P - a +0 pair of boots (worn)
 R - a +2 robe of fire resistance
 Z - a +0 troll leather armour
Jewellery
 m - a ring of poison resistance (left hand)
 q - a +6 ring of strength
 v - a ring of flight
 y - a +6 ring of intelligence (right hand)
 G - a +5 ring of evasion
 U - a ring of positive energy
 V - a +4 ring of protection
Wands
 O - a wand of mindburst (21)
 S - a wand of acid (14)
 W - a wand of flame (9)
 Y - a wand of charming (9)
Scrolls
 d - 2 scrolls of vulnerability
 e - 3 scrolls of immolation
 f - 3 scrolls of blinking
 g - 2 scrolls of revelation
 j - 2 scrolls of fog {unknown}
 l - 2 scrolls of poison
 n - 4 scrolls of teleportation
 o - 2 scrolls of amnesia
 x - a scroll of brand weapon
 M - a scroll of butterflies
Potions
 b - a potion of magic
 i - a potion of curing
 k - a potion of might {unknown}
 r - 2 potions of degeneration {unknown}
 s - a potion of mutation {unknown}
 u - a potion of lignification {unknown}
 C - 3 potions of attraction
 I - 2 potions of heal wounds {unknown}
 J - a potion of brilliance
 N - 2 potions of ambrosia {unknown}
 X - a potion of cancellation {unknown}


   Skills:
 + Level 6.5 Fighting
 + Level 5.8 Dodging
 + Level 8.5 Stealth
 * Level 9.1 Spellcasting
 + Level 5.3 Conjurations
 - Level 3.4 Transmutations
 * Level 7.5 Fire Magic
 * Level 10.9 Earth Magic


You had 15 spell levels left.
You knew the following spells:

 Your Spells              Type           Power      Damage    Failure   Level
a - Sandblast             Erth           100%       2d20      1%          1
b - Stone Arrow           Conj/Erth      100%       3d13      1%          3
c - Flame Wave            Conj/Fire      45%        2d12      1%          4
d - Petrify               Tmut/Erth      49%        N/A       3%          4
e - Scorch                Fire           100%       2d9       1%          2

Your spell library contained the following spells:

 Spells                   Type           Power      Damage    Failure   Level
 Mephitic Cloud           Conj/Pois/Air  21%        N/A       2%          3
 Passwall                 Tmut/Erth      40%        N/A       1%          2
 Hailstorm                Conj/Ice       25%        3d7       1%          3
 Inner Flame              Hex/Fire       31%        N/A       1%          3
 Sticky Flame             Conj/Fire      45%        2d6       1%          4
 Lee's Rapid Deconstruct  Erth           31%        3d16*     1%          5
 Animate Armour           Summ/Erth      80%        N/A       7%          4
 Ensorcelled Hibernation  Hex/Ice        22%        N/A       10%         2
 Yara's Violent Unravell  Hex/Tmut       10%        3d6       22%         5
 Summon Ice Beast         Ice/Summ       11%        N/A       54%         4
 Summon Lightning Spire   Summ/Air       11%        N/A       54%         4
 Lehudib's Crystal Spear  Conj/Erth      26%        10d7      96%         8
 Simulacrum               Ice/Necr       5%         N/A       100%        6
 Summon Cactus Giant      Summ           5%         N/A       100%        6
 Enfeeble                 Hex            5%         N/A       100%        7
 Swiftness                Air            Unusable   N/A       N/A         3

Dungeon Overview and Level Annotations

Branches:
Dungeon (12/15)            Temple (1/1) D:5            Lair (0/5) D:9
    Orc: D:9-12

Altars:
Ashenzari
Cheibriados
Dithmenos
Elyvilon
Fedhas
Gozag
Hepliaklqana
Kikubaaqudgha
Makhleb
Nemelex Xobeh
Okawaru
Qazlal
Ru
Sif Muna
Trog
Uskayaw
Vehumet
Wu Jian
Xom
Yredelemnul
Zin
The Shining One

Shops:
D:2 ?[=

Annotations:
D:3 3 runed translucent doors, dxb338's ghost, amateur FeSh
D:10 1 runed translucent door


Innate Abilities, Weirdness & Mutations

You cannot be hasted, slowed, berserked, paralysed or teleported.
You can dig through walls and to a lower floor.
You have a pair of large antennae on your head. (SInv)
Your four strong arms can wield two-handed weapons with a shield.


Message History

The kobold closely misses you. The manticore bites you!
The manticore completely misses you. The manticore barely misses you.
The kobold throws a stone.
The stone misses you.
The kobold demonologist hits you with a +0 dagger.
The deep elf pyromancer hits you with a +0 long sword.
The kobold barely misses you.
You climb upwards.
The ynoxinul disappears in a puff of smoke!
The ufetubus disappears in a puff of smoke!
The iron imp disappears in a puff of smoke!
The shadow imp disappears in a puff of smoke!
There is a stone staircase leading down, spattered with blood here.
Aiming: Sandblast (safe; 1% risk of failure)
Press: ? - help, Q - select action, (/) - cycle Shift-Dir - straight line, f - kobold
Aim: a kobold, wielding a +1 short sword of draining (82% to hit)
The blast of sand hits the kobold!!
You kill the kobold!
Vehumet accepts your kill. The manticore barely misses you.
The manticore claws you. The manticore claws you!
The deep elf pyromancer hits you with a +0 long sword.
The kobold demonologist hits you with a +0 dagger.
Aiming: Sandblast (safe; 1% risk of failure)
Press: ? - help, Q - select action, (/) - cycle Shift-Dir - straight line, f - kobold demonologist
Aim: a kobold demonologist, wielding a +0 dagger and wearing a +0 robe (lightly wounded, 80% to hit)
The blast of sand misses the kobold demonologist.
The manticore closely misses you. The manticore barely misses you.
The manticore claws you.
The deep elf pyromancer hits you with a +0 long sword.
* * * LOW HITPOINT WARNING * * *
The kobold demonologist misses you. The manticore bites you!
* * * LOW HITPOINT WARNING * * *
The manticore barely misses you. x2
The deep elf pyromancer hits you with a +0 long sword.
* * * LOW HITPOINT WARNING * * *
The kobold demonologist misses you.
Okay, then.
You feel better. The manticore bites you!
You die...

.........#.........##..# ##.....#
...................#..######....#
.......................##......##
......................##.....####
)................#.......#)..###.
..................#......#.......
.................................
#)..............)e.......#.......
##.............(@K.###.#.#.......
##.............H.........#.###...
...........###.<...#...#......##.
...........###........#.....#.##.
......###...........[##....######
....### #...................#
...## ##..............##..## ...#
#..............####.# ...###
##........)......####


You could see a manticore, a deep elf pyromancer and a kobold demonologist.

Vanquished Creatures
  A boulder beetle (D:11)
  2 two-headed ogres
  Sonja (D:11)
  A cyclops (D:11)
  A gargoyle (D:11)
  Psyche (D:8)
  2 trolls
  24 yaks
  A wyvern (D:7)
  Menkaure (D:5)
  3 steam dragons
  Edmund (D:5)
  A water moccasin (D:9)
  Duvessa (D:5)
  A sky beast (D:6)
  2 orc warriors
  2 black bears
  A centaur (D:10)
  2 phantoms (D:5)
  6 kobold brigands
  Blork the orc (D:6)
  8 bullfrogs
  2 gnoll sergeants
  4 scorpions
  24 wights
  Dowan (D:5)
  10 killer bees
  2 howler monkeys (D:10)
  3 hounds
  3 jellies
  A gnoll bouda (D:9)
  6 orc priests
  Crazy Yiuf (D:5)
  A sleepcap (D:6)
  5 iguanas
  18 orc wizards
  Robin (D:4)
  A mummy (D:10)
  20 gnolls
  8 adders
  A white imp (D:5)
  2 ufetubi
  3 worms
  2 dart slugs
  41 orcs
  6 ball pythons
  4 bats
  10 endoplasms
  5 giant cockroaches
  13 goblins
  13 hobgoblins
  6 jackals (D:1)
  3 quokkas
  3 frilled lizards
  36 kobolds
  A kobold skeleton (D:10)
  6 rats
330 creatures vanquished.

Notes
Turn   | Place    | Note
-------+----------+-------------------------------------------
     0 | D:1      | arthad the Formicid Earth Elementalist began the quest for
                  | the Orb.
     0 | D:1      | Reached XP level 1. HP: 13/13 MP: 3/3
   194 | D:1      | Reached XP level 2. HP: 19/19 MP: 0/5
   531 | D:1      | Reached XP level 3. HP: 23/24 MP: 0/6
   643 | D:1      | Reached skill level 4 in Earth Magic
  1376 | D:2      | Learned a level 3 spell: Stone Arrow
  1427 | D:2      | Found Uluatufu's Magic Scroll Boutique.
  1508 | D:2      | Found Vuetes's Antique Armour Shoppe.
  1542 | D:2      | Reached XP level 4. HP: 25/30 MP: 4/8
  1816 | D:2      | Found Idetsara's Jewellery Shop.
  1817 | D:2      | Found a faded altar of an unknown god.
  2492 | D:3      | Noticed dxb338's ghost (amateur FeSh)
  2493 | D:3      | Found a runed translucent gate.
  2497 | D:3      | Found a runed translucent gate.
  2497 | D:3      | Found a runed translucent gate.
  2800 | D:3      | Reached XP level 5. HP: 36/36 MP: 7/9
  3496 | D:4      | Reached skill level 1 in Fighting
  3838 | D:4      | Noticed Robin
  3850 | D:4      | Reached XP level 6. HP: 43/43 MP: 4/11
  3852 | D:4      | Killed Robin
  3895 | D:4      | Reached skill level 1 in Conjurations
  4119 | D:4      | Reached skill level 5 in Earth Magic
  4285 | D:4      | Reached XP level 7. HP: 35/49 MP: 8/12
  4346 | D:4      | Found an iron altar of Okawaru.
  4706 | D:5      | Entered Level 5 of the Dungeon
  5075 | D:5      | Noticed Edmund
  5092 | D:5      | Killed Edmund
  5093 | D:5      | Reached XP level 8. HP: 27/57 MP: 1/14
  5260 | D:5      | Found a staircase to the Ecumenical Temple.
  5268 | Temple   | Entered the Ecumenical Temple
  5291 | D:5      | Noticed Menkaure
  5313 | D:5      | Killed Menkaure
  5314 | D:5      | Reached skill level 6 in Earth Magic
  5510 | D:5      | Found a hazy altar of Hepliaklqana.
  5527 | D:5      | Reached skill level 1 in Fire Magic
  5573 | D:5      | Found a glowing silver altar of Zin.
  5677 | D:5      | Noticed Dowan
  5722 | D:5      | Reached skill level 5 in Spellcasting
  6032 | D:5      | Found a runed translucent door.
  6033 | D:5      | Noticed Crazy Yiuf
  6240 | D:5      | Noticed Duvessa
  6248 | D:5      | Killed Duvessa
  6249 | D:5      | Reached skill level 5 in Stealth
  6250 | D:5      | Killed Dowan
  6412 | D:5      | Killed Crazy Yiuf
  6413 | D:5      | Reached XP level 9. HP: 64/64 MP: 12/16
  6682 | D:6      | Reached skill level 7 in Earth Magic
  6799 | D:6      | Noticed Blork the orc
  6802 | D:6      | Killed Blork the orc
  7984 | D:7      | Found a shimmering blue altar of Sif Muna.
  8019 | D:7      | Found an ancient bone altar of Kikubaaqudgha.
  8029 | D:7      | Found a radiant altar of Vehumet.
  8034 | D:7      | Became a worshipper of Vehumet
  8088 | D:7      | Reached XP level 10. HP: 72/72 MP: 17/19
  8130 | D:7      | Reached skill level 8 in Earth Magic
  8579 | D:7      | Found a broken altar of Ashenzari.
  8581 | D:7      | Found an ornate altar of the Wu Jian Council.
  8823 | D:8      | Found an opulent altar of Gozag.
  8931 | D:8      | Noticed a +0 spear
  8931 | D:8      | Noticed a +0 dagger
  8931 | D:8      | Noticed a +0 spear
  8931 | D:8      | Noticed a +0 short sword
  8931 | D:8      | Noticed a +0 falchion
  8931 | D:8      | Noticed a +0 falchion
  8932 | D:8      | Noticed a +0 dagger
  8932 | D:8      | Noticed a +0 short sword
  8933 | D:8      | Found a hide-covered altar of Uskayaw.
  8940 | D:8      | Reached * piety under Vehumet
  8940 | D:8      | Offered knowledge of Shock by Vehumet.
  9055 | D:8      | Reached skill level 5 in Fire Magic
  9303 | D:8      | Reached skill level 5 in Fighting
  9353 | D:8      | Noticed Psyche
  9357 | D:8      | Killed Psyche
  9358 | D:8      | Reached skill level 9 in Earth Magic
  9531 | D:7      | Found a sparkling altar of Nemelex Xobeh.
  9531 | D:7      | Found a burning altar of Makhleb.
  9657 | D:8      | Reached XP level 11. HP: 80/80 MP: 20/22
  9663 | D:8      | Offered knowledge of Static Discharge by Vehumet.
  9666 | D:8      | Reached ** piety under Vehumet
  9670 | D:8      | Reached skill level 5 in Dodging
 10046 | D:8      | Learned a level 4 spell: Flame Wave
 10051 | D:8      | Learned a level 4 spell: Petrify
 10054 | D:8      | Learned a level 2 spell: Scorch
 10493 | D:9      | Found a staircase to the Lair.
 10538 | D:9      | Offered knowledge of Searing Ray by Vehumet.
 10719 | D:9      | Reached skill level 10 in Earth Magic
 11125 | D:10     | Entered Level 10 of the Dungeon
 11149 | D:10     | Reached *** piety under Vehumet
 11174 | D:10     | Found a shimmering altar of Xom.
 11211 | D:10     | Found a sacrificial altar of Ru.
 11281 | D:10     | Found a runed translucent door.
 11282 | D:10     | Found a basalt altar of Yredelemnul.
 11361 | D:10     | Noticed a two-headed ogre
 11364 | D:10     | Killed a two-headed ogre
 11786 | D:10     | Found a snail-covered altar of Cheibriados.
 11950 | D:11     | Noticed a cyclops
 11956 | D:11     | Killed a cyclops
 11957 | D:11     | Reached skill level 5 in Conjurations
 12035 | D:11     | Offered knowledge of Mephitic Cloud by Vehumet.
 12178 | D:11     | Reached XP level 12. HP: 80/88 MP: 22/24
 12251 | D:11     | Noticed a two-headed ogre
 12257 | D:11     | Killed a two-headed ogre
 12440 | D:11     | Noticed Sonja
 12444 | D:11     | Killed Sonja
 12836 | D:12     | Noticed a boulder beetle
 12854 | D:11     | Killed a boulder beetle
 13050 | D:11     | Slain by a manticore

Illustrated notes

Levels and vault maps discovered:
D:1:      dpeg_arrival_snail, layout_basic
D:2:      layout_basic, serial_forest, infiniplex_forest_lined_3,
          infiniplex_forest_straight_2, infiniplex_forest_corner_1,
          infiniplex_forest_lined_room_2, infiniplex_forest_lined_1,
          infiniplex_forest_clump_small, infiniplex_forest_split,
          basic_ecumenical_altar, serial_shops, shop, nicolae_shop_tiny_glass,
          nicolae_shop_behind_doors, nrook_mini_vaults,
          kennysheep_generic_room_10
D:3:      layout_basic, serial_glass, glass_columns_c, glass_columns_a,
          glass_columns_b, glass_columns_a, glass_columns_a, glass_columns_c,
          glass_columns_a, glass_columns_a, gammafunk_ghost_split
D:4:      layout_cave_pools, okawaru_gym_becter, uniq_robin
D:5:      minmay_spotlight, layout_basic, mainiacjoe_overflow_catch_the_wave,
          temple_green, uniq_duvessa, uniq_crazy_yiuf_cottage, uniq_menkaure,
          uniq_edmund
D:6:      layout_loops_cross, grunt_decor_clamped, lightli_corner_chamber,
          uniq_blork_the_orc
D:7:      layout_loops_ring, palyth_temple_overflow_mages,
          nicolae_overflow_hidden_temple, dreamdust_princess_corridor
D:8:      layout_loops_corners, nicolae_uskayaw_en_pointe,
          amcnicky_altar_gilded, uniq_psyche
D:9:      layout_cave_pools, due_lair_maze_entry_diamond
D:10:     layout_loops_ring, slow_altar_2, dk_yredelemnul_ordeal,
          nicolae_ru_path_of_blood, mainiacjoe_overflow_small_starburst,
          item_on_display_a
D:11:     layout_cave_pools, chequers_arboretum, amcnicky_mini_corridor_feature,
          uniq_sonja
D:12:     layout_cave_pools, orc_0_dummy, serial_column_ruins,
          column_ruins_circle_small, column_ruins_hut, column_ruins_open_small,
          column_ruins_grid_1, column_ruins_columns_straight,
          column_ruins_corridor_corner, column_ruins_open_medium,
          minmay_door_square, trog_butcher_becter
Temple:   nicolae_temple_bog_church

Skill      XL: |  1  2  3  4  5  6  7  8  9 10 11 12 |
---------------+-------------------------------------+-----
Dodging        | 2 3 4 5 |  5.8
Earth Magic    | 4 5 6 7 9 10 | 10.9
Stealth        | 3 4 5 6 7 8 |  8.5
Transmutations | 2 3 |  3.4
Spellcasting   | 3 4 5 6 7 8 9 |  9.1
Fighting       | 1 2 3 4 5 6 |  6.5
Conjurations   | 1 2 3 4 5 |  5.3
Fire Magic     | 2 4 5 7 |  7.5

Action                     |  1- 3 |  4- 6 |  7- 9 | 10-12 || total
---------------------------+-------+-------+-------+-------++-------
  Melee: Unarmed           |    10 |       |       |       ||    10
         Short sword       |       |     8 |     6 |     1 ||    15
  Throw: Dart              |       |       |     4 |     2 ||     6
   Cast: Sandblast         |    46 |   115 |   170 |   275 ||   606
         Stone Arrow       |       |       |    19 |    21 ||    40
         Flame Wave        |       |       |       |     2 ||     2
         Scorch            |       |       |       |     1 ||     1
    Use: Potion            |       |     3 |       |     1 ||     4
         Scroll            |       |       |       |    11 ||    11
 Armour: Robe              |     2 |     8 |     5 |       ||    15
         Leather armour    |       |       |     7 |    47 ||    54
  Dodge: Dodged            |    26 |    32 |    57 |   112 ||   227

Table legend: (Time is in decaauts)
 A = Elapsed time spent in this place.
 B = Non-inter-level travel time spent in this place.
 C = Inter-level travel time spent in this place.
 D = Time resting spent in this place.
 E = Time spent auto-exploring this place.
 F = Levels seen in this place.
 G = Mean time per level.
                   A        B        C        D        E       F      G
               +--------+--------+--------+--------+--------+-----+--------+
         Total |  13354 |  12956 |    398 |   1077 |   9613 |  13 | 1027.2 |
       Dungeon |  13344 |  12946 |    398 |   1077 |   9613 |  12 | 1112.0 |
        Temple |      9 |      9 |      0 |      0 |      0 |   1 |    9.0 |
               +--------+--------+--------+--------+--------+-----+--------+

Top non-repeatable levels by time:
     D:5: 1787 daAuts
     D:8: 1736 daAuts
     D:1: 1380 daAuts
     D:4: 1288 daAuts
     D:6: 1283 daAuts
    D:11: 1110 daAuts
     D:2: 1096 daAuts
     D:3: 1025 daAuts
     D:7: 1002 daAuts
    D:10: 839 daAuts
     D:9: 779 daAuts
    D:12: 15 daAuts
  Temple: 9 daAuts
